 Dungeon Crawl Stone Soup version 0.25.1-11-g244df3a29b (webtiles) character file.

Game seed: 17854713826775341052

542 Iago the Chopper (level 7, -8/61 HPs)
             Began as a Minotaur Fighter on Jan 20, 2023.
             Killed by divine providence
             ... invoked by an orc priest
              (15 damage)
             ... on level 4 of the Dungeon.
             The game lasted 00:24:43 (3210 turns).

Iago the Chopper (Minotaur Fighter)                 Turns: 3210, Time: 00:24:44

Health: -8/61      AC:  7    Str: 22    XL:     7   Next: 6%
Magic:  6/6        EV:  8    Int:  5    God:
Gold:   209        SH: 10    Dex: 10    Spells: 6/6 levels left

rFire    . . .     SeeInvis .   a - +0 war axe
rCold    + . .     Gourm    .   n - +0 kite shield
rNeg     . . .     Faith    .   m - +0 scale mail
rPois    .         Spirit   .   (helmet restricted)
rElec    .         Reflect  .   (no cloak)
rCorr    .         Harm     .   (no gloves)
MR       .....                  (no boots)
Stlth    ..........             y - amulet of the acrobat
HPRegen  0.20/turn              u - ring of protection from cold
MPRegen  0.10/turn              (no ring)

@: no status effects
A: retaliatory headbutt, horns 2
a: no special abilities


You were on level 4 of the Dungeon.
You were hungry.

You visited 1 branch of the dungeon, and saw 4 of its levels.

You collected 209 gold pieces.

Inventory:

Hand Weapons
 a - a +0 war axe (weapon)
 b - a +1 falchion of draining {b}
 c - a +2 mace of protection {c}
Missiles
 e - 107 stones
 x - 21 poisoned darts (quivered)
Armour
 m - a +0 scale mail (worn)
 n - a +0 kite shield (worn)
Jewellery
 u - a ring of protection from cold (left hand)
 y - an amulet of the acrobat (around neck)
Scrolls
 j - 2 scrolls of teleportation
 k - a scroll of blinking {unknown}
 o - a scroll of enchant weapon {unknown}
 p - 2 scrolls of identify {unknown}
 s - 2 scrolls of fog {unknown}
 v - 2 scrolls of noise {unknown}
 w - a scroll of random uselessness {unknown}
 D - a scroll of magic mapping {unknown}
Potions
 d - a potion of might
 g - a potion of haste {unknown}
 h - 6 potions of curing {unknown}
 i - a potion of heal wounds {unknown}
 l - a potion of magic {unknown}
 q - 3 potions of brilliance {unknown}
 r - a potion of ambrosia {unknown}
 t - a potion of lignification {unknown}
 A - a potion of flight {unknown}
 B - a potion of stabbing {unknown}
 C - a potion of mutation {unknown}
Comestibles
 f - 10 rations
 z - 3 chunks of flesh


   Skills:
 * Level 5.0 Fighting
 * Level 6.1 Axes
 + Level 0.4 Throwing
 * Level 5.4 Armour
 + Level 2.0 Dodging
 - Level 0.2 Stealth
 * Level 5.0 Shields


You had 6 spell levels left.
You didn't know any spells.
Your spell library contained the following spells:

 Spells                   Type           Power        Failure   Level  Hunger
 Beastly Appendage        Tmut           #.....       99%         1    ##.....
 Sticks to Snakes         Tmut           #.......     100%        2    ###....
 Spider Form              Tmut/Pois      #.........   100%        3    ####...
 Ice Form                 Ice/Tmut       #.......     100%        4    #####..
 Blade Hands              Tmut           #.........   100%        5    ######.


Dungeon Overview and Level Annotations

Branches:
Dungeon (4/15)             Temple (0/1) D:4

Altars:
Ashenzari
Makhleb
Ru
Uskayaw

Annotations:
D:1 1 runed translucent door
D:2 1 exclusion


Innate Abilities, Weirdness & Mutations

You reflexively headbutt those who attack you in melee.
You have a pair of horns on your head.


Message History

You bump into the rock wall.
Something hits you but does no damage.
You bump into the rock wall.
You feel less confused. Something hits you but does no damage.
You slash something! Something hits you but does no damage.
You hit something but do no damage. You headbutt something.
Reactivating autopickup.
Your Fighting skill increases to level 5!
You feel a bit more experienced.
The howler monkey hits you but does no damage.
You completely miss the howler monkey.
The howler monkey hits you but does no damage.
The orc priest calls down the wrath of Beogh upon you.
Beogh smites you!
* * * LOW HITPOINT WARNING * * *
You block the howler monkey's attack.
You completely miss the howler monkey.
The orc priest calls down the wrath of Beogh upon you.
Beogh smites you!
You die...

#.#####.# #.# #.#
#†# ##.#
.#.########.# ##..#
....).{.o..h###...##
##.#).....####.....#
#......# ##.o.##
#...###..# ##h##
#... +..# #@# ##..
#..# #.# #.. .(##
#.# #.. ..# #.# #.#
#.# #.# #.#.# #.#.#


You could see a howler monkey and an orc priest.

Vanquished Creatures
  A scorpion (D:4)
  A howler monkey (D:4)
  2 crimson imps
  A centaur skeleton (D:4)
  3 orc priests
  2 hounds (D:4)
  2 orc wizards (D:4)
  2 worker ants
  3 adders (D:4)
  An ooze (D:2)
  5 dart slugs
  2 leopard geckos
  6 orcs
  7 bats
  3 giant cockroaches
  3 goblins
  7 hobgoblins
  5 kobolds
  3 quokkas
  A ball python (D:1)
  2 frilled lizards
  A jackal skeleton (D:4)
  9 rats
72 creatures vanquished.

Notes
Turn   | Place    | Note
-------+----------+-------------------------------------------
     0 | D:1      | Iago the Minotaur Fighter began the quest for the Orb.
     0 | D:1      | Reached XP level 1. HP: 19/19 MP: 0/0
     1 | D:1      | Found a runed translucent door.
     4 | D:1      | Noticed a jelly
     4 | D:1      | Noticed a jelly
   297 | D:1      | Reached XP level 2. HP: 27/27 MP: 1/1
   711 | D:1      | Reached XP level 3. HP: 33/33 MP: 2/2
  1618 | D:2      | Reached skill level 3 in Axes
  1633 | D:2      | Found a sacrificial altar of Ru.
  1680 | D:2      | Reached XP level 4. HP: 40/40 MP: 3/3
  1732 | D:2      | Found a hide-covered altar of Uskayaw.
  1825 | D:2      | Reached skill level 4 in Axes
  1825 | D:2      | Reached skill level 1 in Dodging
  1888 | D:2      | Found a faded altar of an unknown god.
  2085 | D:2      | Found a burning altar of Makhleb.
  2127 | D:2      | Reached XP level 5. HP: 45/47 MP: 4/4
  2722 | D:4      | Found a staircase to the Ecumenical Temple.
  2770 | D:4      | Found a shattered altar of Ashenzari.
  2811 | D:4      | Reached skill level 5 in Axes
  2811 | D:4      | Reached XP level 6. HP: 51/53 MP: 5/5
  2858 | D:4      | Reached skill level 5 in Armour
  3199 | D:4      | Reached skill level 6 in Axes
  3199 | D:4      | Reached skill level 5 in Shields
  3199 | D:4      | Reached XP level 7. HP: 27/60 MP: 6/6
  3208 | D:4      | Reached skill level 5 in Fighting
  3210 | D:4      | Killed from afar by an orc priest

Illustrated notes

Levels and vault maps discovered:
D:1:      dpeg_arrival_caged_fury, layout_basic
D:2:      layout_loops_corners, nicolae_ru_the_path_less_chosen,
          nicolae_overflow_crystal_walls, makhleb_grotto_becter,
          chequers_ecumenical_altar_simple_redux
D:3:      layout_rooms, kennysheep_another_room
D:4:      layout_loops_ring, grunt_dithmenos_shadows, kennysheep_mini_moat,
          nicolae_ashenzari_panopticon, minmay_temple_entry_butterflies

Skill      XL: |  1  2  3  4  5  6  7 |
---------------+----------------------+-----
Shields        | 4 5 |  5.0
Armour         | 4 5 |  5.4
Fighting       | 4 5 |  5.0
Axes           | 3 4 5 6 |  6.1
Dodging        | 1 2 |  2.0
Throwing       | |  0.4
Stealth        | |  0.2

Action                   |  1- 3 |  4- 6 |  7- 9 || total
-------------------------+-------+-------+-------++-------
Melee: War axe           |    85 |   119 |     7 ||   211
       Headbutt          |    14 |    24 |     1 ||    39
Throw: Stone             |       |     7 |       ||     7
  Use: Scroll            |       |     1 |       ||     1
  Eat: Chunk             |     2 |     5 |       ||     7
Armor: Scale mail        |    38 |    40 |     8 ||    86
Dodge: Dodged            |    21 |    48 |       ||    69
Block: Kite shield       |    53 |    67 |     1 ||   121
